 Dungeon Sprint DCSS version 0.28-a0-1429-gf3d713df7a (webtiles) character file.

Game seed: 16138462788989590323

75542 mhtbhm the Axe Maniac (level 15, -8/167 (170) HPs)
             Began as a Minotaur Fighter on Jan 8, 2022.
             Was the Champion of Trog.
             Killed from afar by an ancient lich (39 damage)
             ... with a bolt of acid
             ... while petrified by an ancient lich
             ... in the Dungeon (Sprint VII: "The Pits").
             The game lasted 00:17:00 (7805 turns).

mhtbhm the Axe Maniac (Minotaur Fighter)            Turns: 7805, Time: 00:17:00

HP:   -8/167 (170)  AC: 42    Str: 30    XL:     15   Next: 10%
MP:   0/14          EV:  2    Int:  5    God:    Trog [******]
Gold: 65            SH:  0    Dex: 14    Spells: 14/14 levels left

rFire   + . .      SeeInvis .   a - +10 broad axe of the Doomed Warrior {vorpal, *Slow rC+ Will+}
rCold   + + +      Faith    .   c - +0 tower shield
rNeg    + + +      Spirit   +   b - +11 gold dragon scales of Lightning Storm {rPois rF+ rC+ Will+}
rPois   ∞          Reflect  .   (helmet restricted)
rElec   .          Harm     .   A - +0 cloak "Oralural" {rC+}
rCorr   .          Rampage  .   i - +0 pair of gloves {Dex+3}
Will    +++..      NoTele   +   (no boots)
Stlth   ..........              z - amulet of guardian spirit
HPRegen 0.37/turn               l - +3 ring of protection
MPRegen 0.14/turn               m - +3 ring of strength

@: petrified, lightly drained
A: horns 2, retaliatory headbutt
a: Renounce Religion, Berserk, Trog's Hand, Brothers in Arms


You were in the Dungeon.
You worshipped Trog.
Trog was exalted by your worship.
You visited 1 branch You collected 65 gold pieces.

Inventory:

Hand Weapons
 a - the +10 broad axe of the Doomed Warrior (weapon) {vorpal, *Slow rC+ Will+}
   (Trog gifted it to you in the Dungeon)

   It inflicts extra damage upon your enemies.
   rC:        It protects you from cold.
   *Slow:     It may slow you when you take damage.
   Will:      It increases your willpower.
 d - the +5 battleaxe of Dismemberment {flame, rN++ Str+4}
   (Trog gifted it to you in the Dungeon)

   It burns those it strikes, dealing additional fire damage.
   Big, fiery blades are also staple armaments of hydra-hunters.
   Str:       It affects your strength (+4).
   rN:        It greatly protects you from negative energy.
 p - the +8 broad axe "Mecez" {flame, rF- rC+ Dex+10 Stlth+}
   (Trog gifted it to you in the Dungeon)

   It burns those it strikes, dealing additional fire damage.
   Big, fiery blades are also staple armaments of hydra-hunters.
   Dex:       It affects your dexterity (+10).
   rF:        It makes you vulnerable to fire.
   rC:        It protects you from cold.
   Stlth:     It makes you more stealthy.
 q - a +1 vorpal broad axe
 s - a +5 executioner's axe of flaming
Missiles
 E - 3 curare-tipped darts (quivered)
Armour
 b - the +11 gold dragon scales of Lightning Storm (worn) {rPois rF+ rC+ Will+}
   (You took it off a salamander in the Dungeon)

   rF:        It protects you from fire.
   rC:        It protects you from cold.
   rPois:     It protects you from poison.
   Will:      It increases your willpower.
 c - a +0 tower shield (worn)
 i - a +0 pair of gloves of dexterity (worn)
 A - the +0 cloak "Oralural" (worn) {rC+}
   (You found it in the Dungeon)

   rC:        It protects you from cold.
 D - the +1 plate armour of Gravitas {rElec rCorr Int+4}
   (You found it in the Dungeon)

   Int:       It affects your intelligence (+4).
   rElec:     It insulates you from electricity.
   rCorr:     It protects you from acid and corrosion.
Jewellery
 l - a +3 ring of protection (left hand)
 m - a +3 ring of strength (right hand)
 y - a +6 ring of dexterity
 z - an amulet of guardian spirit (around neck)
 C - a ring of willpower
Wands
 r - a wand of mindburst (4)
Scrolls
 j - a scroll of blinking
 k - a scroll of summoning
 t - 2 scrolls of identify
 u - 2 scrolls of enchant armour
 v - a scroll of fear
 w - 7 scrolls of enchant weapon
Potions
 e - 6 potions of curing
 f - 4 potions of heal wounds
 g - 2 potions of haste
 h - 4 potions of magic
 n - a potion of resistance
 o - a potion of mutation {unknown}
 x - 2 potions of might
Miscellaneous
 B - a tin of tremorstones (2/2)


   Skills:
 + Level 25.4 Fighting
 O Level 27 Axes
 + Level 2.4 Throwing
 + Level 22.8 Armour
 + Level 11.4 Dodging
 + Level 9.3 Stealth
 + Level 23.0 Shields
 + Level 6.0 Evocations


You had 14 spell levels left.
You didn't know any spells.
Your spell library was empty.

Dungeon Overview and Level Annotations

Branches:
Dungeon (1/1)

Altars:
Ashenzari
Cheibriados
Dithmenos
Elyvilon
Fedhas
Gozag
Hepliaklqana
Kikubaaqudgha
Makhleb
Nemelex Xobeh
Okawaru
Qazlal
Ru
Sif Muna
Trog
Uskayaw
Vehumet
Wu Jian
Xom
Yredelemnul
Zin
The Shining One
Beogh
Jiyva
Lugonu


Innate Abilities, Weirdness & Mutations

You have a pair of horns on your head.
You reflexively headbutt those who attack you in melee.


Message History

You slash something!
Something touches you but does no damage.
You slice something!!
Something touches you but does no damage.
You miss something. You headbutt something. You hit something but do no damage.
Your headbutt misses something.
You hear some strange, mumbled words.
You hit something. You headbutt something.
You hear some strange, mumbled words.
You are slowing down.
Unknown command.
You hit something but do no damage. You headbutt something.
Something touches you. You block something's attack.
Your limbs are stiffening.
Unknown command.
You slice something!!
You hear some strange, mumbled words.
A crystal spear appears from out of thin air!
The crystal spear hits you!!!!
You hear some strange, mumbled words.
A bolt of acid appears from out of thin air!
The bolt of acid hits you!!!
You have turned to stone.
Something touches you but does no damage. x2
You hear some strange, mumbled words.
Something tries to affect you, but you resist.
You hear some strange, mumbled words.
A bolt of acid appears from out of thin air!
The bolt of acid hits you but does no damage.
Something touches you but does no damage.
You hear some strange, mumbled words.
Something tries to affect you, but you resist.
You hear some strange, mumbled words.
A crystal spear appears from out of thin air!
The crystal spear hits you!!!!
* * * LOW HITPOINT WARNING * * *
You hear some strange, mumbled words.
Something tries to affect you, but you resist.
You hear some strange, mumbled words.
A bolt of acid appears from out of thin air!
The bolt of acid hits you!!!!
You die...

# ### +#.###.##
#..{@.).#
##.###)### ###
# ##).## ##.##
#.).# #...#
##.'## ##'.##
#'#.#+#.#'#
##.###.###.##
#...'...#...#
#+.'##.'#'.###+


There were no monsters in sight!

Vanquished Creatures
  A royal mummy (D)
  A Killer Klown (D)
  A curse toe (D)
  A pearl dragon (D)
  A Tzitzimitl (D)
  An electric golem (D)
  A tentacled monstrosity (D)
  3 Ice Fiends (D)
  A deep elf blademaster (D)
  A quicksilver dragon (D)
  A titan (D)
  Polyphemus (D)
  An Executioner (D)
  2 death cobs (D)
  A storm dragon (D)
  A daeva (D)
  An emperor scorpion (D)
  An orc warlord (D)
  Louise (D)
  Aizul (D)
  A vampire knight (D)
  A deep elf demonologist (D)
  3 dire elephants (D)
  A deep elf annihilator (D)
  A blizzard demon (D)
  2 naga warriors (D)
  2 fire dragons (D)
  2 hydras (D)
  A catoblepas (D)
  6 vault guards (D)
  A centaur warrior (D)
  An alligator snapping turtle (D)
  2 two-headed ogres (D)
  5 hell knights (D)
  A sea snake (D)
  A skeletal warrior (D)
  2 flayed ghosts (D)
  A swamp dragon (D)
  A bog body (D)
  A lindwurm (D)
  11 orc knights (D)
  A phantasmal warrior (D)
  A salamander (D)
  An ugly thing (D)
  A cyclops (D)
  A guardian serpent (D)
  Maurice (D)
  A rust devil (D)
  2 unseen horrors (D)
  An orange demon (D)
  A rime drake (D)
  A kobold demonologist (D)
  A demonic crawler (D)
  2 komodo dragons (D)
  5 yaktaurs (D)
  2 hellwings (D)
  2 ice devils (D)
  2 red devils (D)
  2 guardian mummies (D)
  A tormentor (D)
  3 hornets (D)
  A tyrant leech (D)
  5 dream sheep (D)
  An air elemental (D)
  A shadow (D)
  A wyvern (D)
  3 water elementals (D)
  A vampire (D)
  A ynoxinul (D)
  4 spriggans (D)
  A redback (D)
  A wandering mushroom (D)
  An acid dragon (D)
  A floating eye (D)
  An orc warrior (D)
  2 black bears (D)
  An ice beast (D)
  A phantom (D)
  A kobold brigand (D)
  6 killer bees (D)
  A crimson imp (D)
  A hound (D)
  A jelly (D)
  5 orc priests (D)
  5 orc wizards (D)
  2 hell rats (D)
  2 river rats (D)
  4 adders (D)
  A white imp (D)
  An ufetubus (D)
  13 orcs (D)
  A giant cockroach (D)
  A goblin (D)
  A jackal (D)
  2 quokkas (D)
  2 ball python skeletons (D)
  A bat (D)
  A bat simulacrum (D)
  A frilled lizard (D)
  2 rats (D)
184 creatures vanquished.

Vanquished Creatures (collateral kills)
  An orc warlord (D)
  3 naga warriors (D)
  A merfolk aquamancer (D)
  A sun demon (D)
  A flayed ghost (D)
  A naga ritualist (D)
  A cyclops (D)
  A manticore (D)
  A gargoyle (D)
  A naga mage (D)
  A red devil (D)
  A tyrant leech (D)
  A wandering mushroom (D)
  A ynoxinul (D)
  A redback (D)
  A naga (D)
  An ogre (D)
  A centaur (D)
  A quasit (D)
  A hell rat (D)
22 creatures vanquished.

Grand Total: 206 creatures vanquished

Notes
Turn   | Place    | Note
-------+----------+-------------------------------------------
     0 | D        | mhtbhm the Minotaur Fighter began the quest for the Orb.
     0 | D        | Reached XP level 1. HP: 19/19 MP: 0/0
    12 | D        | Noticed a jelly
    12 | D        | Noticed a black bear
    21 | D        | Killed a jelly
    22 | D        | Reached skill level 5 in Fighting
    22 | D        | Reached skill level 3 in Axes
    22 | D        | Reached skill level 5 in Armour
    22 | D        | Reached skill level 5 in Shields
    22 | D        | Reached XP level 2. HP: 20/29 MP: 1/1
    22 | D        | Reached XP level 3. HP: 25/36 MP: 2/2
    24 | D        | Killed a black bear
    25 | D        | Reached skill level 4 in Axes
    25 | D        | Reached XP level 4. HP: 29/47 MP: 3/3
   276 | D        | Found a bloodstained altar of Trog.
   276 | D        | Found a shimmering blue altar of Sif Muna.
   276 | D        | Found a viscous altar of Jiyva.
   276 | D        | Found a hazy altar of Hepliaklqana.
   276 | D        | Found an opulent altar of Gozag.
   277 | D        | Found a glowing golden altar of the Shining One.
   277 | D        | Found a glowing silver altar of Zin.
   277 | D        | Found a basalt altar of Yredelemnul.
   277 | D        | Found a shimmering altar of Xom.
   277 | D        | Found an ornate altar of the Wu Jian Council.
   277 | D        | Found a sacrificial altar of Ru.
   277 | D        | Found a stormy altar of Qazlal.
   277 | D        | Found an iron altar of Okawaru.
   277 | D        | Found a sparkling altar of Nemelex Xobeh.
   277 | D        | Found a burning altar of Makhleb.
   277 | D        | Found a blossoming altar of Fedhas.
   277 | D        | Found a white marble altar of Elyvilon.
   277 | D        | Found a shadowy altar of Dithmenos.
   277 | D        | Found a snail-covered altar of Cheibriados.
   279 | D        | Found a radiant altar of Vehumet.
   279 | D        | Found a corrupted altar of Lugonu.
   281 | D        | Found an ancient bone altar of Kikubaaqudgha.
   281 | D        | Found a hide-covered altar of Uskayaw.
   281 | D        | Found a broken altar of Ashenzari.
   283 | D        | Became a worshipper of Trog the Wrathful
   426 | D        | Reached skill level 5 in Axes
   426 | D        | Reached XP level 5. HP: 49/52 MP: 4/4
   430 | D        | Reached * piety under Trog
   448 | D        | Reached ** piety under Trog
   533 | D        | Noticed an ice beast
   538 | D        | Reached *** piety under Trog
   539 | D        | Reached skill level 6 in Axes
   546 | D        | Killed an ice beast
   546 | D        | Reached **** piety under Trog
   547 | D        | Reached skill level 8 in Axes
   547 | D        | Reached skill level 1 in Dodging
   547 | D        | Reached skill level 1 in Stealth
   547 | D        | Reached XP level 6. HP: 59/63 MP: 5/5
   550 | D        | Reached ***** piety under Trog
   694 | D        | Noticed an orc warrior
   712 | D        | Killed an orc warrior
   713 | D        | Reached skill level 9 in Axes
   713 | D        | Reached skill level 10 in Armour
   793 | D        | Noticed a two-headed ogre
   798 | D        | Killed a two-headed ogre
   799 | D        | Reached skill level 10 in Fighting
   799 | D        | Reached skill level 11 in Axes
   799 | D        | Reached XP level 7. HP: 73/73 MP: 6/6
   799 | D        | Reached XP level 8. HP: 81/81 MP: 7/7
   836 | D        | Identified the +5 battleaxe of Dismemberment {flame, rN++
                  | Str+4} (Trog gifted it to you in the Dungeon)
   836 | D        | Received a gift from Trog
   843 | D        | Reached skill level 12 in Axes
   947 | D        | Noticed a rust devil
   947 | D        | Noticed a wandering mushroom
   957 | D        | Identified the +8 broad axe "Mecez" {flame, rF- rC+ Dex+10
                  | Stlth+} (Trog gifted it to you in the Dungeon)
   957 | D        | Received a gift from Trog
   984 | D        | Killed a rust devil
   985 | D        | Reached skill level 13 in Axes
   985 | D        | Reached skill level 10 in Shields
  1396 | D        | Noticed a bog body
  1399 | D        | Killed a bog body
  1399 | D        | Received a gift from Trog
  1400 | D        | Reached skill level 14 in Axes
  1400 | D        | Reached XP level 9. HP: 90/90 MP: 8/8
  1401 | D        | Reached ****** piety under Trog
  1419 | D        | Received a gift from Trog
  1523 | D        | Noticed Maurice
  1523 | D        | Noticed an orange demon
  1527 | D        | Killed Maurice
  1528 | D        | Reached skill level 15 in Axes
  1533 | D        | Killed an orange demon
  1537 | D        | Killed an unseen horror
  1569 | D        | Noticed a lindwurm
  1569 | D        | Noticed a hellwing
  1569 | D        | Noticed a flayed ghost
  1575 | D        | Killed a hellwing
  1576 | D        | Reached skill level 16 in Axes
  1577 | D        | Killed a flayed ghost
  1578 | D        | Reached XP level 10. HP: 48/101 MP: 9/9
  1579 | D        | Killed a lindwurm
  1580 | D        | Reached skill level 17 in Axes
  1821 | D        | Received a gift from Trog
  1841 | D        | Noticed a two-headed ogre
  1846 | D        | Noticed a naga mage
  1846 | D        | Noticed a naga ritualist
  1847 | D        | Killed a two-headed ogre
  1848 | D        | Reached skill level 15 in Armour
  1848 | D        | Paralysed by an air elemental for 1 turns
  1849 | D        | Reached skill level 18 in Axes
  1851 | D        | Noticed a flayed ghost
  1852 | D        | Noticed a manticore
  1857 | D        | Received a gift from Trog
  1859 | D        | Killed a naga mage
  1860 | D        | Noticed a naga warrior
  1860 | D        | Killed a manticore
  1861 | D        | Killed a flayed ghost
  1862 | D        | Reached skill level 19 in Axes
  1862 | D        | Killed a naga ritualist
  1863 | D        | Killed a naga warrior
  1864 | D        | Reached XP level 11. HP: 52/111 MP: 10/10
  1876 | D        | Received a gift from Trog
  1897 | D        | Reached skill level 15 in Fighting
  1918 | D        | Received a gift from Trog
  1946 | D        | Received a gift from Trog
  2191 | D        | Noticed a swamp dragon
  2193 | D        | Reached skill level 20 in Axes
  2199 | D        | Killed a swamp dragon
  2541 | D        | Noticed a spriggan rider
  2549 | D        | Received a gift from Trog
  2550 | D        | Reached skill level 5 in Dodging
  2553 | D        | Identified the +5 battleaxe of Crusades {vorpal, Contam
                  | rPois rC+ Dex+6} (Trog gifted it to you in the Dungeon)
  2553 | D        | Received a gift from Trog
  2554 | D        | Reached skill level 21 in Axes
  2864 | D        | Received a gift from Trog
  2875 | D        | Noticed a vampire knight
  2883 | D        | Killed a vampire knight
  3028 | D        | Noticed a phantasmal warrior
  3092 | D        | Killed a phantasmal warrior
  3106 | D        | Noticed a catoblepas
  3119 | D        | Killed a catoblepas
  3175 | D        | Noticed Polyphemus
  3176 | D        | Received a gift from Trog
  3184 | D        | Killed Polyphemus
  3185 | D        | Reached skill level 22 in Axes
  3185 | D        | Reached XP level 12. HP: 63/125 MP: 7/11
  3452 | D        | Found the +5 robe of Night {Dark Will+ SInv}
  3452 | D        | Noticed a blizzard demon
  3452 | D        | Noticed an Executioner
  3452 | D        | Noticed an emperor scorpion
  3452 | D        | Noticed a centaur warrior
  3452 | D        | Noticed a death cob
  3462 | D        | Killed an Executioner
  3465 | D        | Killed a death cob
  3466 | D        | Reached skill level 15 in Shields
  3468 | D        | Killed a centaur warrior
  3468 | D        | Received a gift from Trog
  3474 | D        | Killed an emperor scorpion
  3479 | D        | Reached skill level 23 in Axes
  3489 | D        | Killed a blizzard demon
  3489 | D        | Received a gift from Trog
  3505 | D        | Got the +1 plate armour of Gravitas {rElec rCorr Int+4}
  3771 | D        | Noticed a vault guard
  3787 | D        | Noticed a death cob
  3788 | D        | Killed a vault guard
  3797 | D        | Killed a death cob
  3813 | D        | Noticed a naga warrior
  3813 | D        | Noticed a naga warrior
  3815 | D        | Killed a naga warrior
  3817 | D        | Killed a naga warrior
  3819 | D        | Noticed a dire elephant
  3833 | D        | Killed a dire elephant
  3833 | D        | Received a gift from Trog
  3834 | D        | Reached XP level 13. HP: 47/139 MP: 2/12
  3835 | D        | Reached skill level 24 in Axes
  3847 | D        | Identified the +11 gold dragon scales of Lightning Storm
                  | {rPois rF+ rC+ Will+}
  3878 | D        | Reached skill level 10 in Dodging
  3879 | D        | Received a gift from Trog
  3891 | D        | Received a gift from Trog
  4334 | D        | Noticed a Tzitzimitl
  4351 | D        | Killed a Tzitzimitl
  4669 | D        | Noticed a daeva
  4682 | D        | Killed a daeva
  4823 | D        | Noticed a titan
  4828 | D        | Killed a titan
  4828 | D        | Received a gift from Trog
  5065 | D        | Noticed a deep elf blademaster
  5073 | D        | Killed a deep elf blademaster
  5076 | D        | Noticed a quicksilver dragon
  5079 | D        | Killed a quicksilver dragon
  5080 | D        | Reached skill level 5 in Stealth
  5161 | D        | Noticed a Killer Klown
  5170 | D        | Killed a Killer Klown
  5487 | D        | Noticed an orc warlord
  5487 | D        | Noticed an orc warlord
  5487 | D        | Noticed Aizul
  5488 | D        | Received a gift from Trog
  5489 | D        | Reached skill level 25 in Axes
  5510 | D        | Killed Aizul
  5516 | D        | Killed an orc warlord
  5516 | D        | Received a gift from Trog
  5517 | D        | Reached skill level 1 in Evocations
  5527 | D        | Killed an orc warlord
  5527 | D        | Received a gift from Trog
  5528 | D        | Reached XP level 14. HP: 68/157 MP: 9/13
  5551 | D        | Reached skill level 1 in Throwing
  5558 | D        | Received a gift from Trog
  5587 | D        | Received a gift from Trog
  5884 | D        | Got the +0 cloak "Oralural" {rC+}
  6068 | D        | Received a gift from Trog
  6069 | D        | Reached skill level 5 in Evocations
  6083 | D        | Noticed a pearl dragon
  6095 | D        | Killed a pearl dragon
  6096 | D        | Reached skill level 26 in Axes
  6180 | D        | Noticed a storm dragon
  6192 | D        | Killed a storm dragon
  6245 | D        | Noticed Louise
  6257 | D        | Killed Louise
  6276 | D        | Noticed a tentacled monstrosity
  6283 | D        | Killed a tentacled monstrosity
  6296 | D        | Identified the +8 hand axe "Hokaam" {vorpal, rN+ Will+
                  | Str+6 Dex-3} (Trog gifted it to you in the Dungeon)
  6296 | D        | Received a gift from Trog
  6499 | D        | Noticed an Ice Fiend
  6509 | D        | Killed an Ice Fiend
  6825 | D        | Noticed an Ice Fiend
  6832 | D        | Killed an Ice Fiend
  7031 | D        | Noticed a curse toe
  7040 | D        | Killed a curse toe
  7267 | D        | Noticed an electric golem
  7286 | D        | Killed an electric golem
  7420 | D        | Noticed a royal mummy
  7430 | D        | Killed a royal mummy
  7430 | D        | Identified the +10 broad axe of the Doomed Warrior {vorpal,
                  | *Slow rC+ Will+} (Trog gifted it to you in the Dungeon)
  7430 | D        | Received a gift from Trog
  7431 | D        | Reached skill level 27 in Axes
  7504 | D        | Noticed an orb of fire
  7613 | D        | Paralysed by a floating eye for 4 turns
  7625 | D        | Noticed an Ice Fiend
  7630 | D        | Killed an Ice Fiend
  7631 | D        | Reached XP level 15. HP: 163/169 MP: 12/14
  7655 | D        | Received a gift from Trog
  7790 | D        | Noticed an ancient lich
  7805 | D        | Killed from afar by an ancient lich

Illustrated notes

Levels and vault maps discovered:
D:        pitsprint [storerooms_1, entrance_room_1, metal_vault_8, armoury_1,
          mini_pit_1, grid_room_1, main_hall_1, silver_pit, the_coven_3,
          the_vestibule_1, steel_vault_2, golden_pit, hallway_of_sentries,
          crystal_vault_5, iron_vault_2, final_vault]

Skill      XL: |  1  2  3  4  5  6  7  8  9 10 11 12 13 14 15 |
---------------+----------------------------------------------+-----
Fighting       | 5 7 9 10 11 13 14 17 20 23 25 | 25.4
Axes           | 3 4 5 8 11 14 16 19 22 23 25 27 | 27.0
Armour         | 5 7 9 11 13 14 16 18 20 22 | 22.8
Shields        | 5 6 7 8 9 10 11 12 14 16 18 22 23 | 23.0
Dodging        | 1 2 3 4 6 9 11 | 11.4
Stealth        | 1 2 3 4 6 9 |  9.3
Evocations     | 2 6 |  6.0
Throwing       | 2 |  2.4

Action                   |  1- 3 |  4- 6 |  7- 9 | 10-12 | 13-15 || total
-------------------------+-------+-------+-------+-------+-------++-------
Melee: War axe           |     4 |     5 |       |       |       ||     9
       Headbutt          |     1 |     6 |    21 |    37 |    72 ||   137
       Hand axe          |       |    55 |    60 |       |       ||   115
       Broad axe         |       |       |    26 |   137 |   280 ||   443
Throw: Dart              |       |       |       |       |     3 ||     3
Invok: Berserk           |       |       |     2 |     6 |     3 ||    11
       Brothers in Arms  |       |       |       |     4 |     3 ||     7
       Trog's Hand       |       |       |       |       |     1 ||     1
Evoke: Wand              |       |       |       |       |     8 ||     8
       Tin of tremorston |       |       |       |       |     8 ||     8
  Use: Potion            |     2 |     2 |     1 |    10 |    10 ||    25
       Scroll            |       |       |       |       |     2 ||     2
 Stab: Invisible         |       |       |       |       |     7 ||     7
       Distracted        |       |       |       |       |     1 ||     1
Armor: Scale mail        |     3 |    10 |       |       |       ||    13
       Plate armour      |       |    15 |    13 |       |       ||    28
       Chain mail        |       |       |    24 |    20 |       ||    44
       Swamp dragon scal |       |       |       |    36 |     8 ||    44
       Gold dragon scale |       |       |       |       |   110 ||   110
Dodge: Dodged            |     2 |    21 |    22 |    79 |    56 ||   180
Block: Buckler           |     1 |    18 |    21 |    60 |    27 ||   127
       Tower shield      |       |       |       |       |   161 ||   161

Table legend: (Time is in decaauts)
 A = Elapsed time spent in this place.
 B = Non-inter-level travel time spent in this place.
 C = Inter-level travel time spent in this place.
 D = Time resting spent in this place.
 E = Time spent auto-exploring this place.
 F = Levels seen in this place.
 G = Mean time per level.
                   A        B        C        D        E       F      G
               +--------+--------+--------+--------+--------+-----+--------+
         Total |   7855 |   7855 |      0 |   5681 |     62 |   1 | 7855.0 |
       Dungeon |   7855 |   7855 |      0 |   5681 |     62 |   1 | 7855.0 |
               +--------+--------+--------+--------+--------+-----+--------+

Top non-repeatable levels by time:
       D: 7855 daAuts
